 Dungeon Crawl Stone Soup version 0.17.1-3-g152610e (webtiles) character file.

128 kaze the Sneak (level 5, 0/26 HPs)
             Began as a Vine Stalker Assassin on Mar 21, 2016.
             Succumbed to an adder's poison
             ... on level 3 of the Dungeon.
             The game lasted 00:09:12 (1975 turns).

kaze the Sneak (Vine Stalker Assassin)              Turns: 1975, Time: 00:09:13

Health: 0/26       AC:  4    Str: 14    XL:     5   Next: 11%
Magic:  2/6        EV: 12    Int: 11    God:
Gold:   80         SH:  0    Dex: 16    Spells: 0 memorised, 4 levels left

rFire  + . .     SeeInvis .     w - +2 dagger
rCold  x . .     Clarity  .     a - +0 leather armour (curse)
rNeg   . . .     SustAt   .     (no shield)
rPois  .         Gourm    .     (no helmet)
rElec  .         Spirit   +     d - +0 cloak
rCorr  .         Warding  .     (no gloves)
rMut   .         Stasis   .     (no boots)
MR     .....                    (no amulet)
Stlth  +++.......               (no ring)
                                h - ring of fire

@: lethally poisoned (0 -> -3), not resistant to hostile enchantments, fairly
stealthy
A: fangs 2, regeneration 1, magic shield, antimagic bite, no device heal 3, rot
immunity
a: no special abilities


You were on level 3 of the Dungeon.
You were hungry.

You visited 1 branch of the dungeon, and saw 3 of its levels.

You collected 80 gold pieces.

Inventory:

Hand Weapons
 e - a +0 blowgun
 q - a +0 hunting sling
 w - a +2 dagger (weapon)
Missiles
 b - 5 poisoned needles
 f - a curare-tipped needle
 p - 55 stones (quivered)
Armour
 a - a cursed +0 leather armour (worn)
 d - a +0 cloak (worn)
Jewellery
 h - a ring of fire (left hand)
Scrolls
 k - a scroll of fear {unknown}
 l - 3 scrolls of teleportation {unknown}
 n - a scroll of recharging {unknown}
 o - 2 scrolls of magic mapping {unknown}
 s - a scroll of enchant weapon {unknown}
 u - a scroll of remove curse {unknown}
 v - a scroll of noise {unknown}
 x - a scroll of identify {unknown}
Potions
 j - a potion of mutation {unknown}
 r - a potion of might {unknown}
 t - a potion of heal wounds {unknown}
Comestibles
 g - 2 bread rations
 i - a meat ration
 y - a fruit


   Skills:
 + Level 2.0 Fighting
 + Level 2.0 Short Blades
 + Level 0.3(1.7) Slings
 + Level 2.8 Throwing
 + Level 0.2 Armour
 + Level 1.7 Dodging
 + Level 6.2 Stealth


You had 4 spell levels left.
You didn't know any spells.

Dungeon Overview and Level Annotations

Branches:
Dungeon (3/15)

Altars:
Elyvilon


Innate Abilities, Weirdness & Mutations

You have extremely sharp teeth.
Your natural rate of healing is unusually fast.
When hurt, damage is shared between your health and your magic reserves.
Your bite disrupts and absorbs the magic of your enemies.
Potions and wands cannot restore your health.
You are immune to rotting.


Message History

* * * LOW HITPOINT WARNING * * *
You feel sick. The adder misses you.
You closely miss the adder. You bite the adder, but do no damage.
The adder is almost dead.
* * * LOW HITPOINT WARNING * * *
You feel sick. The adder bites you.
* * * LOW HITPOINT WARNING * * *
You are more poisoned.
The adder poisons you!
You hit the adder.
You kill the adder!
* * * LOW HITPOINT WARNING * * *
You feel sick.
Things that are here:
a stone; a dagger of speed; an adder corpse
* * * LOW HITPOINT WARNING * * *
You feel sick.
Things that are here:
a tomahawk; a viscous white potion You die...

###......##
#......### .
#...#.###
..##..###..# ....
##.# #..####.†##
#........####
#.#..(......#
#((@..(...#
.....(.)#...(##....
......#....(>.#.#..
.(...#######..S.# #
....# .#..(. ##.#
....(# #. #.##..# #
.# #.(


You could see an adder (wandering).

Vanquished Creatures
  Ijyb (D:2)
  2 adders
  A gnoll (D:1)
  6 giant geckos
  An orc (D:3)
  2 ball pythons (D:3)
  4 bats
  2 giant cockroaches
  8 goblins
  8 hobgoblins
  8 jackals
  9 kobolds
  A quokka (D:3)
  8 rats
61 creatures vanquished.

Notes
Turn   | Place    | Note
--------------------------------------------------------------
     0 | D:1      | kaze the Vine Stalker Assassin began the quest for the Orb.
     0 | D:1      | Reached XP level 1. HP: 11/11 MP: 2/2
    11 | D:1      | Noticed a giant frog
    35 | D:1      | Reached skill level 5 in Stealth
   136 | D:1      | Reached XP level 2. HP: 5/15 MP: 1/3
   195 | D:1      | Reached skill level 1 in Dodging
   282 | D:1      | Reached XP level 3. HP: 18/18 MP: 4/4
  1256 | D:2      | Noticed Ijyb
  1278 | D:2      | Reached XP level 4. HP: 15/23 MP: 5/5
  1282 | D:2      | Killed Ijyb
  1282 | D:2      | Reached skill level 6 in Stealth
  1414 | D:2      | Found a white marble altar of Elyvilon.
  1955 | D:3      | Reached XP level 5. HP: 15/26 MP: 4/6
  1973 | D:3      | HP: 1/26 [poisoned by an adder]
  1975 | D:3      | Succumbed to an adder's poison

Action                   |  1- 3 |  4- 6 || total
-------------------------+-------+-------++-------
Melee: Dagger            |    53 |    41 ||    94
 Fire: Blowgun           |    45 |     1 ||    46
       Hunting sling     |       |    27 ||    27
 Stab: Sleeping          |    15 |     4 ||    19
       Distracted        |     1 |       ||     1
  Eat: Fruit             |     1 |     1 ||     2
       Chunk             |       |     1 ||     1
